AoeStats
← 恆浪蕩

Hill Fort

505694745Analyzed
4v4 RM · 20d ago on Sep 10, 2026· 33m 57s· 8 players
Game mode
Random Map
Map size
Large (8 player)
Population
200
Speed
Normal
Resources
Standard
Victory
Conquest
Starting age
Dark Age
Ending age
Imperial Age
RankedLock teamsTeams togetherTeam positionsShared explorationLock speedFull tech treeHidden civsTurbo modeCheats
Victory
Defeat
🇹🇼 Bengalis · Taiwan
1666
+11
🇹🇼 Cumans · Taiwan
1612
+13
🇦🇷 Jurchens · Argentina
1609
+13
🇦🇷 Malay · Argentina
1464
+20
🇲🇽 Persians · Mexico
1602
-16
🇨🇴 Vikings · Colombia
1564
-15
🇦🇺 Goths · Australia
1528
-13
🇲🇽 Armenians · Mexico
1514
-13
robecha18
4:20 Loom
11:54 Feudal Age
12:39 Double-Bit Axe
19:52 Castle Age
17:58 Gold Mining
18:47 Fletching
19:31 Padded Archer Armor
21:21 Bow Saw
22:05 Bodkin Arrow
22:08 Crossbowman
25:05 Wheelbarrow
25:33 Leather Archer Armor
26:13 Horse Collar
27:23 Stone Mining
27:40 Heavy Plow
29:51 Hand Cart
32:06 Gold Shaft Mining
31:01 Elite Skirmisher
36:38 Imperial Age
Manu
7:17 Loom
9:32 Feudal Age
10:05 Double-Bit Axe
10:02 Horse Collar
15:32 Wheelbarrow
20:12 Castle Age
18:48 Bloodlines
19:04 Scale Barding Armor
19:03 Gold Mining
21:02 Chain Barding Armor
20:04 Light Cavalry
21:06 Heavy Plow
21:19 Bow Saw
22:08 Forging
24:13 Fletching
26:01 Town Watch
28:12 Husbandry
29:19 Stone Mining
30:17 Iron Casting
31:13 Hand Cart
36:14 Imperial Age
Jeremy V
8:36 Loom
10:42 Feudal Age
16:01 Castle Age
14:10 Horse Collar
14:44 Double-Bit Axe
15:17 Stone Mining
20:44 Scale Mail Armor
21:53 Forging
23:41 Chain Mail Armor
31:11 Iron Casting
31:51 Squires
33:07 Fletching
Giacomo
8:25 Loom
10:56 Feudal Age
16:54 Castle Age
15:45 Double-Bit Axe
15:42 Horse Collar
16:42 Fletching
16:49 Gold Mining
19:17 Bodkin Arrow
26:03 Ballistics
28:33 Clinker Construction
29:30 Careening
FUFU
8:51 Feudal Age
9:16 Double-Bit Axe
9:44 Horse Collar
11:20 Loom
19:29 Castle Age
19:26 Loom
19:32 Gold Mining
20:21 Bow Saw
21:32 Wheelbarrow
21:57 Fletching
23:59 Stone Mining
24:06 Town Watch
26:27 Bodkin Arrow
28:00 Medium Warships
28:45 Clinker Construction
29:00 Ballistics
28:50 Careening
36:28 Imperial Age
默默默默默
11:28 Feudal Age
15:37 Castle Age
14:46 Double-Bit Axe
15:23 Horse Collar
15:35 Gold Mining
15:53 Fletching
16:33 Bow Saw
17:53 Wheelbarrow
19:48 Loom
21:22 Gold Shaft Mining
20:41 Fletching
21:34 Bodkin Arrow
22:19 Padded Archer Armor
24:50 Leather Archer Armor
27:59 Husbandry
28:10 Bloodlines
29:37 Ballistics
29:39 Town Watch
恆浪蕩
6:19 Loom
8:18 Feudal Age
9:05 Double-Bit Axe
15:24 Wheelbarrow
20:50 Castle Age
19:37 Bloodlines
19:12 Horse Collar
20:48 Forging
22:30 Iron Casting
22:44 Bow Saw
23:22 Scale Barding Armor
25:06 Hand Cart
25:46 Chain Barding Armor
27:42 Heavy Plow
27:33 Gold Mining
29:04 Hand Cart
36:21 Imperial Age
巨大豚
9:19 Feudal Age
9:37 Double-Bit Axe
10:00 Horse Collar
19:33 Castle Age
17:20 Loom
20:15 Wheelbarrow
19:25 Town Watch
20:11 Squires
20:22 Bow Saw
22:25 Forging
24:35 Iron Casting
27:47 Hand Cart
32:41 Imperial Age
33:24 Blast Furnace
32:22 Elite Karambit Warrior
Connection lost

Rejoining the realm…

Still unreachable

The connection could not be restored.

Session expired

The server has moved on; the page needs a fresh start.